 Dungeon Crawl Stone Soup version 0.21-a0-59-g7b0e191 (webtiles) character file.

52 xgamer67 the Firebug (level 3, -3/26 HPs)
             Began as a Hill Orc Fire Elementalist on June 16, 2017.
             Shot with a stone by a goblin (5 damage)
             ... on level 3 of the Dungeon.
             The game lasted 00:03:54 (2320 turns).

xgamer67 the Firebug (Hill Orc Fire Elementalist)   Turns: 2320, Time: 00:03:55

Health: -3/26      AC:  2    Str: 11    XL:     3   Next: 85%
Magic:  2/5        EV: 12    Int: 15    God:
Gold:   52         SH:  0    Dex: 11    Spells: 1/5 levels left

rFire    . . .     SeeInvis .   a - +0 short sword
rCold    . . .     Gourm    .   (no shield)
rNeg     . . .     Faith    .   d - +0 robe
rPois    .         Spirit   .   (no helmet)
rElec    .         Reflect  .   (no cloak)
rCorr    .         Harm     .   (no gloves)
MR       .....                  (no boots)
Stlth    ++........             (no amulet)
HPRegen  0.08/turn              (no ring)
MPRegen  0.09/turn              (no ring)

@: no status effects
A: no striking features
a: no special abilities


You were on level 3 of the Dungeon.
You were hungry.

You visited 1 branch of the dungeon, and saw 3 of its levels.

You collected 52 gold pieces.

Inventory:

Hand Weapons
 a - a +0 short sword (weapon)
Missiles
 e - 140 stones (quivered)
Armour
 d - a +0 robe (worn)
Scrolls
 g - 2 scrolls of recharging {unknown}
 h - a scroll of fog {unknown}
 i - 3 scrolls of teleportation {unknown}
Potions
 f - a potion of berserk rage {unknown}
 j - a potion of heal wounds {unknown}
Books
 b - a book of Flames

   Spells                             Type                      Level
   a - Flame Tongue                   Conjuration/Fire             1
   b - Throw Flame                    Conjuration/Fire             2
   c - Conjure Flame                  Conjuration/Fire             3
   d - Inner Flame                    Hexes/Fire                   3
   e - Sticky Flame                   Conjuration/Fire             4
   f - Fireball                       Conjuration/Fire             5
Comestibles
 c - 2 bread rations
 k - a royal jelly


   Skills:
 - Level 1.5 Dodging
 - Level 1.5 Stealth
 + Level 1.8 Spellcasting
 + Level 3.3 Conjurations
 + Level 3.3 Fire Magic


You had one spell level left.
You knew the following spells:

 Your Spells              Type           Power        Failure   Level  Hunger
a - Flame Tongue          Conj/Fire      ##...        6%          1    ##.....
c - Conjure Flame         Conj/Fire      ##......     17%         3    ####...


Dungeon Overview and Level Annotations

Branches:
Dungeon (3/15)

Altars:
Dithmenos

Annotations:
D:1 exclusion: gnoll


Message History

Press: ? - help, Shift-Dir - straight line, f - kobold
Aim: a kobold, wielding a short sword The flame tongue misses the kobold.
The kobold misses you.
Casting: Flame Tongue
Confirm with . or Enter, or press ? or * to list all spells.
Aiming: Flame Tongue
Press: ? - help, Shift-Dir - straight line, f/p - kobold
Aim: a kobold, wielding a short sword The flame tongue hits the kobold.
You kill the kobold!
The goblin shoots a stone.
The stone hits you.
* * * LOW HITPOINT WARNING * * *
Casting: Flame Tongue
Confirm with . or Enter, or press ? or * to list all spells.
Aiming: Flame Tongue
Press: ? - help, Shift-Dir - straight line, f - goblin
Aim: a goblin, wielding a hunting sling The flame tongue misses the goblin.
The goblin shoots a stone.
The stone hits you.
You die...

### ..# #.#
#### #.# ...
#(#
####.##.##
#....@(..#
#....##g##
#...!.. #.#
###.#.. #<#
..........#
.......##$##
. .###. #.#
## .. ..#
#.#


You could see a goblin.

Vanquished Creatures
  2 adders (D:2)
  An ooze (D:2)
  A worm (D:2)
  6 hobgoblins
  4 bats
  2 frilled lizards (D:1)
  4 goblins
  5 kobolds
  3 rats
28 creatures vanquished.

Notes
Turn   | Place    | Note
-------+----------+-------------------------------------------
     0 | D:1      | xgamer67 the Hill Orc Fire Elementalist began the quest for the Orb.
     0 | D:1      | Reached XP level 1. HP: 14/14 MP: 3/3
   379 | D:1      | Reached XP level 2. HP: 20/20 MP: 4/4
  1450 | D:2      | Reached XP level 3. HP: 21/26 MP: 2/5
  1641 | D:2      | Found a shadowy altar of Dithmenos.
  1658 | D:2      | Found a faded altar of an unknown god.
  1743 | D:2      | Learned a level 3 spell: Conjure Flame
  2320 | D:3      | Shot with a stone by a goblin

Vault maps used:
D:1:      sevenhm_arrival_forest_fort_small_6
D:2:      nicolae_dithmenos_shadow_blocks, chequers_ecumenical_altar_simple,
          kennysheep_boxes

Skill      XL: |  1  2  3 |
---------------+----------+-----
Conjurations   | 2 3 |  3.3
Dodging        | |  1.5
Stealth        | |  1.5
Spellcasting   | |  1.8
Fire Magic     | |  3.3

Action                   || total
-------------------------++-------
Melee: Short sword       ||    99
       Unarmed           ||     3
Throw: Stone             ||     1
 Cast: Flame Tongue      ||    23
 Stab: Sleeping          ||     2
  Eat: Chunk             ||     4
Armor: Robe              ||    19
Dodge: Dodged            ||    70
